Map: Winter Madness LE

Players

DmitryK

  • Race: Terran Terran
  • League: Master
  • Spawn Location: 11:00

lIlBT - Winner!

  • Race: Terran Terran
  • League: Platinum
  • Spawn Location: 5:00

VOD

Have the link to the VOD?

Description

Time

  • Played on: Jan. 3, 2026, 8:01 a.m.
  • Length: 18:23
Show
View Real Time Build Order
Export as new Build Order

DmitryK Terran 

Build Orders: Mech 

Get SALT Encoding   

  12  0:01  SCV  
  13  0:13  SCV  
  14  0:18  Supply Depot  
  14  0:26  SCV  
  15  0:37  Refinery  
  15  0:40  SCV  
  16  0:48  Barracks  
  16  0:52  SCV  
  17  1:04  SCV  
  18  1:05  Refinery  
  18  1:16  SCV  
  18  1:28  SCV  
  19  1:40  SCV  
  20  1:53  Orbital Command  
  20  1:54  Reaper  
  20  1:58  Factory  
  21  2:04  Supply Depot  
  21  2:17  Command Center  
  21  2:20  SCV  
  22  2:26  Reaper  
  23  2:32  SCV  
  24  2:45  Starport  
  24  2:47  SCV, Factory Tech Lab  
  25  3:03  SCV  
  26  3:06  Barracks Reactor  
  26  3:14  Cyclone  
  26  3:15  SCV  
  30  3:26  Supply Depot  
  30  3:28  SCV, Viking  
  33  3:40  SCV, Orbital Command  
  34  3:52  SCV  
  34  3:54  Refinery  
  35  4:00  Siege Tank  
  38  4:04  SCV  
  39  4:11  Orbital Command  
  39  4:16  SCV  
  40  4:19  Viking  
  40  4:20  Viking  
  44  4:28  SCV  
  42  4:40  SCV  
  43  4:49  Viking  
  43  4:52  SCV  
  46  5:22  Starport Reactor  
  46  5:23  Supply Depot  
  46  5:24  Factory Tech Lab  
  46  5:43  Command Center, Barracks Reactor  
  46  5:44  Armory, Orbital Command  
  46  5:45  SCV, Siege Tank  
  50  5:57  SCV  
  51  6:07  Supply Depot  
  51  6:09  SCV, Viking  
  54  6:28  SCV x2, Siege Tank  
  54  6:32  Factory  
  59  6:35  Supply Depot  
  59  6:40  SCV x2, Viking  
  63  6:52  SCV x2  
  63  6:53  Terran Vehicle Weapons Level 1  
  65  7:04  SCV x2  
  67  7:08  Siege Tank  
  70  7:17  SCV x2  
  72  7:25  Hellbat  
  72  7:29  SCV x2  
  76  7:33  Command Center  
  76  7:40  Siege Tank  
  76  7:41  SCV x2  
  81  7:53  SCV x2  
  81  7:54  Factory  
  81  8:05  SCV x2, Factory, Refinery  
  83  8:06  Armory  
  83  8:07  Engineering Bay  
  83  8:15  Siege Tank  
  83  8:16  Hellbat x2  
  83  8:17  SCV x2  
  86  8:34  Planetary Fortress  
  86  8:37  Hellbat  
  89  8:41  SCV  
  89  8:42  SCV  
  89  8:47  Factory Tech Lab  
  90  8:53  Orbital Command  
  90  8:57  SCV x2  
  90  8:58  Factory Tech Lab  
  90  9:00  Viking  
  94  9:11  Missile Turret  
  94  9:15  Siege Tank  
  97  9:22  Missile Turret  
  97  9:26  Terran Vehicle And Ship Armor Level 1  
  97  9:27  SCV  
  97  9:28  SCV  
  99  9:32  Missile Turret  
  99  9:34  Supply Depot  
  99  9:39  SCV  
  99  9:40  SCV  
  99  9:43  Refinery  
  101  9:46  Missile Turret  
  101  9:48  Viking  
  101  9:50  SCV  
  101  9:51  SCV  
  103  9:52  SCV  
  103  9:59  Refinery  
  103  10:02  SCV  
  103  10:06  Missile Turret  
  104  10:16  Missile Turret, Siege Tank  
  104  10:17  Siege Tank  
  110  10:22  SCV x2  
  110  10:27  Missile Turret  
  112  10:34  Hellbat x2, Siege Tank  
  112  10:35  SCV x2  
  121  10:36  SCV  
  121  10:39  SCV  
  123  10:47  SCV  
  120  10:57  Missile Turret  
  118  11:05  Siege Tank x2  
  124  11:25  Siege Tank  
  127  11:30  Missile Turret  
  127  11:32  SCV x2  
  129  11:37  Siege Tank  
  132  11:43  Siege Tank  
  126  11:50  Missile Turret  
  118  11:57  Siege Tank  
  106  12:04  Hellbat x2  
  107  12:09  Siege Tank  
  105  12:16  Siege Tank  
  100  12:25  Hellbat  
  100  12:26  SCV x2, Hellbat  
  100  12:29  Siege Tank  
  104  12:41  Siege Tank  
  105  12:47  Hellbat x2  
  105  12:48  Viking x2, Hellbat  
  113  12:59  Command Center  
  113  13:02  Siege Tank  
  116  13:06  SCV x2  
  116  13:08  Hellbat x2  
  122  13:18  Viking x2  
  126  13:28  Missile Turret  
  126  13:29  Siege Tank  
  126  13:30  Siege Tank  
  132  13:38  Hellbat  
  132  13:39  Hellbat x2  
  138  13:48  Viking  
  136  13:52  Command Center  
  136  13:59  Hellbat  
  136  14:01  Hellbat x2  
  136  14:02  Missile Turret  
  142  14:04  Refinery  
  142  14:05  Thor  
  148  14:10  Viking  
  150  14:18  Viking  
  152  14:28  Refinery  
  152  14:29  Supply Depot  
  152  14:30  Missile Turret x2  
  152  14:34  Command Center  
  152  14:35  Orbital Command  
  152  14:40  Thor  
  152  14:41  Missile Turret  
  152  14:42  Supply Depot, Missile Turret x2  
  152  14:44  Missile Turret  
  158  14:50  Starport  
  158  14:55  Factory  
  158  14:57  SCV  
  158  14:58  SCV x3  
  162  15:07  Thor  
  162  15:09  Viking  
  162  15:10  SCV x4  
  174  15:19  Terran Vehicle And Ship Armor Level 2  
  174  15:22  SCV x2  
  176  15:30  Terran Vehicle Weapons Level 2  
  176  15:37  Hellbat x4  
  176  15:39  SCV x2  
  186  15:45  Starport Tech Lab  
  186  15:50  Hellbat  
  186  15:52  Planetary Fortress  
  186  15:53  Planetary Fortress  
  188  15:58  Hellbat  
  188  16:00  Factory Tech Lab  
  188  16:01  Command Center  
  192  16:04  Raven  
  192  16:05  Viking  
  192  16:08  Hellbat x3  
  200  17:16  Missile Turret  
  173  17:58  Hellbat  
  175  18:00  Hellbat  
  175  18:01  Hellbat  
Show
View Real Time Build Order
Export as new Build Order

lIlBT Terran - Winner!

Build Orders:  

Get SALT Encoding   

  12  0:00  SCV  
  13  0:17  SCV  
  13  0:18  Supply Depot  
  14  0:29  SCV  
  14  0:33  Refinery  
  15  0:43  Barracks  
  15  0:47  SCV  
  16  0:59  SCV  
  17  1:11  SCV  
  18  1:20  Refinery  
  18  1:23  SCV  
  18  1:32  Barracks Tech Lab  
  18  1:35  SCV  
  19  1:47  SCV, Factory  
  20  1:54  Supply Depot  
  20  1:56  Concussive Shells  
  20  1:59  SCV  
  21  2:04  Marauder  
  23  2:14  Orbital Command  
  23  2:21  Supply Depot  
  23  2:32  Starport  
  23  2:47  Siege Tank  
  23  2:48  Marine  
  27  2:58  SCV  
  28  3:07  Marine  
  28  3:09  Viking  
  28  3:11  Supply Depot  
  31  3:29  Bunker  
  31  3:31  Widow Mine  
  33  3:41  Medivac  
  35  3:45  Marine  
  36  3:53  SCV  
  37  4:04  Command Center  
  37  4:10  SCV, Engineering Bay  
  37  4:12  Siege Tank  
  41  4:22  SCV  
  39  4:49  Marine  
  35  5:01  Siege Tank  
  35  5:05  Viking  
  35  5:07  Marine  
  38  5:24  Marine  
  39  5:33  Siege Tank  
  42  5:38  Barracks  
  42  5:41  Barracks  
  42  5:42  Marine  
  42  5:43  SCV  
  42  5:47  Starport Tech Lab  
  44  5:55  Command Center, SCV  
  45  6:00  Marine  
  46  6:04  Orbital Command  
  46  6:05  Siege Tank  
  46  6:07  SCV  
  50  6:19  SCV  
  51  6:26  Missile Turret  
  51  6:29  Missile Turret  
  51  6:30  Missile Turret  
  51  6:31  SCV  
  52  6:37  Raven  
  54  6:40  Marine x3  
  54  6:44  SCV  
  58  6:56  SCV  
  58  7:01  SCV  
  59  7:08  SCV  
  60  7:10  Missile Turret  
  60  7:13  SCV  
  61  7:18  Siege Tank  
  61  7:19  Marine x3  
  61  7:20  SCV  
  68  7:25  SCV  
  69  7:30  Interference Matrix  
  69  7:32  SCV  
  69  7:34  Missile Turret  
  69  7:36  Marine  
  69  7:37  SCV, Marine x2, Refinery  
  72  7:54  Marine x2  
  72  7:55  Marine  
  75  8:08  Missile Turret  
  75  8:12  Marine  
  76  8:19  Marine  
  77  8:28  Missile Turret  
  77  8:34  Supply Depot x2, Refinery  
  77  8:35  Supply Depot  
  77  8:36  Planetary Fortress  
  77  8:46  Supply Depot  
  77  8:47  Supply Depot  
  77  8:50  Missile Turret  
  77  8:55  Marine x3  
  77  8:56  SCV x2, Siege Tank  
  85  9:07  Raven  
  85  9:08  SCV x2  
  89  9:10  Terran Infantry Weapons Level 1  
  89  9:11  Supply Depot  
  89  9:13  Marine  
  92  9:20  SCV  
  93  9:25  Barracks Tech Lab  
  93  9:27  Barracks Tech Lab  
  93  9:28  Siege Tank  
  94  9:31  Marine  
  94  9:34  SCV x2  
  97  9:46  SCV x2  
  97  9:49  Marine  
  100  10:00  Siege Tank  
  100  10:04  Viking  
  100  10:05  Command Center  
  100  10:07  Marine x3  
  105  10:12  Refinery  
  105  10:13  Refinery  
  108  10:20  Command Center  
  108  10:24  Marine  
  108  10:25  Marauder  
  108  10:26  Marauder  
  113  10:32  Siege Tank  
  113  10:34  Viking  
  118  10:42  Marine  
  118  10:46  Marine x2  
  121  11:00  Marine  
  122  11:04  Terran Infantry Armor Level 1, Siege Tank  
  125  11:16  Marine  
  125  11:17  Liberator  
  129  11:22  Marine x2, Fusion Core  
  131  11:26  Missile Turret  
  131  11:34  Marine  
  131  11:36  Siege Tank  
  131  11:39  Marine x2  
  101  12:00  Liberator  
  78  12:08  Siege Tank  
  74  12:28  Marine x2  
  74  12:29  Marine  
  77  12:40  Siege Tank  
  77  12:43  Battlecruiser  
  86  12:46  Marine x3  
  89  12:52  Command Center  
  89  12:56  Refinery  
  89  12:58  Neosteel Armor  
  89  12:59  Weapon Refit, Refinery  
  89  13:00  Starport  
  89  13:02  Starport  
  89  13:04  Marine x3  
  92  13:06  SCV x3  
  92  13:08  Armory  
  95  13:12  Siege Tank  
  95  13:18  SCV x3  
  101  13:22  Marine x3  
  101  13:25  Sensor Tower  
  104  13:28  SCV  
  104  13:30  SCV x3  
  108  13:40  SCV, Marine x3  
  112  13:42  SCV x2  
  112  13:47  Battlecruiser  
  120  13:52  SCV, Starport Tech Lab  
  121  13:57  Marine x2, Starport Tech Lab  
  121  13:58  Marine, Siege Tank  
  127  14:10  Orbital Command  
  127  14:13  SCV  
  127  14:14  SCV x2  
  127  14:15  Marine  
  131  14:22  Battlecruiser x2  
  143  14:26  SCV x2  
  143  14:27  Orbital Command  
  143  14:30  Siege Tank  
  148  14:31  Marine x2  
  148  14:33  Marine  
  148  14:38  SCV x2  
  153  14:49  Marine x2  
  153  14:50  SCV x2  
  153  14:51  Battlecruiser  
  163  14:52  Orbital Command  
  163  15:02  SCV, Siege Tank  
  167  15:10  Missile Turret  
  167  15:11  SCV x3  
  170  15:17  Supply Depot, Terran Vehicle Weapons Level 1  
  170  15:19  Supply Depot  
  170  15:24  Refinery  
  170  15:27  Refinery  
  170  15:30  Missile Turret  
  170  15:31  Missile Turret  
  170  15:32  Missile Turret  
  170  15:39  SCV x2, Battlecruiser  
  170  15:40  SCV  
  170  15:41  Battlecruiser  
  170  15:42  SCV  
  186  15:49  Supply Depot  
  186  15:50  Supply Depot x2  
  186  15:51  Missile Turret  
  186  15:52  Missile Turret  
  186  15:53  Missile Turret  
  186  15:54  Terran Infantry Weapons Level 2  
  186  15:56  Missile Turret  
  186  16:04  Supply Depot  
  186  16:11  SCV x6, Battlecruiser  
  194  16:13  Missile Turret  
  198  16:19  Supply Depot  
  198  16:22  Missile Turret  
  198  16:23  SCV x2  
  200  16:26  Supply Depot  
  200  16:27  Missile Turret  
  197  16:51  Supply Depot  
  194  17:14  Supply Depot  
  188  17:38  Viking  
Tags
 
Composition
Mech
Matchup
ТvТ
Spawn Locations
Cross Positions
Add a new tag
Caveats
  • Supply blocks, unpowered buildings, or Contaminate may cause inaccurate times.
  • Supply counts are checked every 10 seconds.